 Dungeon Crawl Stone Soup version 0.20.1-1-g8b1a95d (webtiles) character file.

42 dara the Ducker (level 3, -3/36 HPs)
             Began as a Troll Fighter on Dec 28, 2017.
             Shot with an arrow by a centaur (10 damage)
             ... on level 6 of the Dungeon.
             The game lasted 00:12:10 (829 turns).

dara the Ducker (Troll Fighter)                      Turns: 829, Time: 00:12:10

Health: -3/36      AC:  5    Str: 29 (30) XL:     3   Next: 33%
Magic:  2/2        EV:  8    Int:  3 (4)  God:
Gold:   77         SH:  9    Dex:  6 (9)  Spells: 2/2 levels left

rFire    . . .     SeeInvis .   a - +0 war axe
rCold    . . .     Gourm    +   c - +0 shield
rNeg     . . .     Faith    .   b - +0 robe
rPois    .         Spirit   .   (helmet restricted)
rElec    .         Reflect  .   (no cloak)
rCorr    .         Harm     .   (gloves unavailable)
MR       .....                  (boots unavailable)
Stlth    +.........             (no amulet)
Regen    0.6/turn               (no ring)
MPRegen  0.1/turn               (no ring)

@: mighty, slowed, very slow
A: unfitting armour, claws 3, fast metabolism 3, gourmand, regeneration 1,
shaggy fur 1, tough skin 2
a: no special abilities


You were on level 6 of the Dungeon.
You were not hungry.

You visited 1 branch of the dungeon, and saw 6 of its levels.

You collected 77 gold pieces.

Inventory:

Hand Weapons
 a - a +0 war axe (weapon)
 m - a cursed -2 hunting sling
Missiles
 j - 55 stones (quivered)
 n - 24 arrows
Armour
 b - a +0 robe (worn)
 c - a +0 shield (worn)
 e - a +0 leather armour
Scrolls
 o - a scroll of immolation {unknown}
Potions
 d - a potion of might
 h - a potion of curing {unknown}
Comestibles
 f - 3 bread rations
 l - 2 royal jellies


   Skills:
 + Level 2.7 Fighting
 + Level 1.7 Axes
 + Level 3.0 Dodging
 + Level 2.7 Shields


You had 2 spell levels left.
You didn't know any spells.

Dungeon Overview and Level Annotations

Branches:
Dungeon (6/15)
 Temple: D:4-7

Altars:
Gozag


Innate Abilities, Weirdness & Mutations

You are too large for most types of armour.
You have claws for hands.
Your metabolism is lightning-fast.
You like to eat raw meat.
Your natural rate of healing is unusually fast.
You are covered in fur. (AC +1)
You have very tough skin. (AC +2)


Message History

The orc wizard gestures wildly while chanting.
The orc wizard blinks!
As you read the scroll labeled ZIBLECW SEOCAR, it crumbles to dust.
It is a scroll of amnesia.
You feel forgetful for a moment.
The orc warrior hits you but does no damage.
The orc wizard mumbles some strange words.
The orc wizard blinks!
The orc warrior hits you with a mace!
* * * LOW HITPOINT WARNING * * *
You block the orc warrior's attack.
The orc wizard mumbles some strange words.
The orc wizard seems to speed up.
The orc wizard mumbles some strange words.
The orc wizard blinks!
The orc warrior hits you but does no damage.
The orc wizard casts a spell.
The orc wizard blinks!
The centaur unwields an uncursed falchion.
The centaur wields a shortbow.
The centaur shoots an arrow.
The arrow hits you!
You die...

### ..# #########.#
### #<......#.# ..$#
..#######.#.# ....#
.........c#o###.....#
#>...@.o.ยง..).....+
#.#.#########.....# #
....# .%.. ... .. .


You could see an orc warrior, a centaur and an orc.

Vanquished Creatures
  A worker ant (D:5)
  A leopard gecko (D:2)
  An orc (D:6)
  A goblin (D:1)
  A hobgoblin (D:1)
  4 jackals (D:1)
  2 kobolds (D:2)
  A quokka (D:2)
  2 bats (D:1)
  A frilled lizard (D:2)
  A rat (D:2)
  A plant (D:1)
17 creatures vanquished.

Notes
Turn   | Place    | Note
-------+----------+-------------------------------------------
     0 | D:1      | dara the Troll Fighter began the quest for the Orb.
     0 | D:1      | Reached XP level 1. HP: 22/22 MP: 0/0
   220 | D:1      | Reached XP level 2. HP: 29/29 MP: 1/1
   590 | D:2      | Found an opulent altar of Gozag.
   722 | D:3      | You fall through a shaft for 2 floors!
   722 | D:5      | Entered Level 5 of the Dungeon
   755 | D:5      | Reached skill level 3 in Dodging
   755 | D:5      | Reached XP level 3. HP: 32/36 MP: 2/2
   818 | D:6      | Noticed an orc warrior
   820 | D:6      | Noticed a centaur
   829 | D:6      | Shot with an arrow by a centaur

Skill      XL: |  1  2 |
---------------+-------+-----
Dodging        | 3 |  3.0
Fighting       | |  2.7
Axes           | |  1.7
Shields        | |  2.7

Action                   || total
-------------------------++-------
Melee: War axe           ||    76
Throw: Stone             ||     9
  Use: Scroll            ||     3
       Potion            ||     2
  Eat: Chunk             ||     4
       Bread ration      ||     1
Armor: Robe              ||    35
Dodge: Dodged            ||    25
Block: Shield            ||    44
